 Dungeon Sprint DCSS version 0.26.1-11-gd32895ea62 (webtiles) character file.

Game seed: 12313280006021013201

434 Zeld the Cleaver (level 6, 0/93 HPs)
             Began as a Minotaur Berserker on June 13, 2021.
             Was a Believer of Trog.
             Slain by Sonja
             ... wielding a +0 short sword of distortion
              (7 damage)
             ... in the Dungeon (Sprint I: "Red Sonja").
             The game lasted 00:00:52 (1012 turns).

Zeld the Cleaver (Minotaur Berserker)               Turns: 1012, Time: 00:00:54

Health: 0/93       AC:  2    Str: 24    XL:     6   Next: 68%
Magic:  5/5        EV: 15    Int:  4    God:    Trog [**....]
Gold:   189        SH:  0    Dex:  9    Spells: 5/5 levels left

rFire    . . .     SeeInvis .   a - +0 hand axe
rCold    . . .     Faith    .   (no shield)
rNeg     . . .     Spirit   .   b - +0 animal skin
rPois    .         Reflect  .   j - +0 hat
rElec    .         Harm     .   (no cloak)
rCorr    .         Rampage  .   (no gloves)
Will     ++...     NoTele   +   (no boots)
Stlth    ..........             (no amulet)
HPRegen  1.25/turn              (no ring)
MPRegen  0.09/turn              (no ring)

@: berserking, lethally poisoned (0 -> -1), regenerating, slowed
A: retaliatory headbutt, horns 2
a: Renounce Religion, Berserk, Trog's Hand


You were in the Dungeon.
You worshipped Trog.
Trog was pleased with you.
You visited 1 branch You collected 297 gold pieces.
You spent 108 gold pieces at shops.

Inventory:

Hand Weapons
 a - a +0 hand axe (weapon)
Armour
 b - a +0 animal skin (worn)
 j - a +0 hat (worn)
Scrolls
 h - a scroll of blinking
Potions
 c - a potion of curing
 d - 2 potions of heal wounds
 e - a potion of haste
 f - 2 potions of magic
 g - a potion of berserk rage
 i - a potion of attraction {unknown}


   Skills:
 + Level 8.5 Fighting
 * Level 11.3 Axes
 + Level 8.1 Armour
 + Level 7.4 Dodging


You had 5 spell levels left.
You didn't know any spells.
Your spell library was empty.

Dungeon Overview and Level Annotations

Branches:
Dungeon (1/1)

Altars:
Cheibriados
Dithmenos
Elyvilon
Fedhas
Gozag
Hepliaklqana
Kikubaaqudgha
Nemelex Xobeh
Okawaru
Qazlal
Ru
Sif Muna
Trog
Uskayaw
Vehumet
Wu Jian
Yredelemnul
Zin
The Shining One

Shops:
D [

Annotations:
D Sonja


Innate Abilities, Weirdness & Mutations

You reflexively headbutt those who attack you in melee.
You have a pair of horns on your head.


Message History

Unknown command.
You are too injured to fight recklessly!
You are too injured to fight recklessly!
Unknown command.
Unknown command.
You are too injured to fight recklessly!
You are too injured to fight recklessly!
You completely miss Sonja. Your headbutt misses Sonja.
You feel sick.
Sonja hits you with a +0 short sword of distortion.
* * * LOW HITPOINT WARNING * * *
Sonja hits you with a +0 short sword of distortion.
* * * LOW HITPOINT WARNING * * *
Sonja barely misses you.
You miss Sonja.
You feel sick. Sonja hits you but does no damage. Space bends around you.
* * * LOW HITPOINT WARNING * * *
Sonja hits you with a +0 short sword of distortion.
* * * LOW HITPOINT WARNING * * *
Space bends around you!
You die...

################
#<.#..').#..'..#
#..').#..').#..+
#..#####'#####'#
#..####..#...#.#
#..#__####..##)#
#..#_____##'#_.+
#⌠⌠#_.∩...'..K_#
####_..__##_.#@#
#_____###'#)#
####### #.###
$.$ $.$ ##.##
#+#


You could see Sonja.

Vanquished Creatures
  A yak (D)
  Sigmund (D)
  An ogre (D)
  A jelly (D)
  Ijyb (D)
5 creatures vanquished.

Notes
Turn   | Place    | Note
-------+----------+-------------------------------------------
     0 | D        | Zeld the Minotaur Berserker began the quest for the Orb.
     0 | D        | Reached XP level 1. HP: 19/19 MP: 0/0
     2 | D        | Noticed Ijyb
     8 | D        | Killed Ijyb
     9 | D        | Reached skill level 5 in Axes
     9 | D        | Reached XP level 2. HP: 28/28 MP: 1/1
   165 | D        | Noticed an ogre
   171 | D        | Killed an ogre
   172 | D        | Reached skill level 7 in Axes
   172 | D        | Reached skill level 5 in Armour
   172 | D        | Reached XP level 3. HP: 37/37 MP: 2/2
   172 | D        | Reached XP level 4. HP: 44/44 MP: 3/3
   323 | D        | Noticed Sigmund
   333 | D        | Killed Sigmund
   333 | D        | Reached ** piety under Trog
   334 | D        | Reached skill level 9 in Axes
   334 | D        | Reached XP level 5. HP: 52/52 MP: 4/4
   549 | D        | Found an ornate altar of the Wu Jian Council.
   549 | D        | Found a shimmering blue altar of Sif Muna.
   551 | D        | Found a radiant altar of Vehumet.
   557 | D        | Reached skill level 10 in Axes
   557 | D        | Reached XP level 6. HP: 28/61 MP: 5/5
   763 | D        | Found Etrookh's Antique Armour Emporium.
   763 | D        | Found an ancient bone altar of Kikubaaqudgha.
   763 | D        | Found a hazy altar of Hepliaklqana.
   763 | D        | Found a stormy altar of Qazlal.
   763 | D        | Found a hide-covered altar of Uskayaw.
   763 | D        | Found a blossoming altar of Fedhas.
   763 | D        | Found a bloodstained altar of Trog.
   763 | D        | Found an iron altar of Okawaru.
   763 | D        | Found a basalt altar of Yredelemnul.
   763 | D        | Found a glowing golden altar of the Shining One.
   763 | D        | Found a snail-covered altar of Cheibriados.
   763 | D        | Found a sacrificial altar of Ru.
   763 | D        | Found a glowing silver altar of Zin.
   763 | D        | Found a shadowy altar of Dithmenos.
   763 | D        | Found a white marble altar of Elyvilon.
   763 | D        | Noticed a yak
   769 | D        | Killed a yak
   770 | D        | Reached skill level 11 in Axes
   770 | D        | Found an opulent altar of Gozag.
   771 | D        | Found a sparkling altar of Nemelex Xobeh.
   900 | D        | Bought a hat for 108 gold pieces
  1005 | D        | Noticed Sonja
  1012 | D        | Slain by Sonja

Illustrated notes

Levels and vault maps discovered:
D:        dungeon_sprint_1 [red_sonja_temple_1, red_sonja_temple_small_1]

Skill      XL: |  1  2  3  4  5  6 |
---------------+-------------------+-----
Fighting       | 4 6 7 8 |  8.5
Axes           | 5 7 9 10 11 | 11.3
Armour         | 3 5 6 7 8 |  8.1
Dodging        | 3 4 6 7 |  7.4

Action                   |  1- 3 |  4- 6 || total
-------------------------+-------+-------++-------
Melee: Hand axe          |     8 |    16 ||    24
       Headbutt          |       |     5 ||     5
Invok: Berserk           |     2 |     3 ||     5
       Trog's Hand       |       |     1 ||     1
Armor: Animal skin       |       |     2 ||     2
Dodge: Dodged            |     2 |    15 ||    17
